Map: Ice and Chrome LE

Players

SpeCial - Winner!

  • Race: Terran Terran
  • Spawn Location: 7:00

nanO

  • Race: Protoss Protoss
  • Spawn Location: 1:00

Event: DreamHack SC2 Masters 2020 Summer Latin America

VOD

Have the link to the VOD?

Description

Time

  • Played on: June 24, 2020, 4:45 p.m.
  • Length: 7:43

All games in this series

Show
View Real Time Build Order
Export as new Build Order

SpeCial Terran - Winner!

Build Orders:  

Get SALT Encoding   

  12  0:01  SCV  
  13  0:13  SCV  
  14  0:17  Supply Depot  
  14  0:25  SCV  
  15  0:39  SCV  
  15  0:41  Barracks  
  16  0:44  Refinery  
  16  0:51  SCV  
  16  0:52  Refinery  
  17  1:03  SCV  
  18  1:06  Supply Depot  
  18  1:15  SCV  
  19  1:29  Orbital Command, Reaper  
  20  1:43  Factory  
  20  1:55  SCV  
  20  2:01  Reaper  
  22  2:07  SCV  
  23  2:18  Command Center  
  23  2:20  SCV  
  24  2:27  Hellion  
  26  2:33  Starport  
  26  2:35  Barracks Reactor  
  26  2:37  SCV  
  27  2:44  Supply Depot  
  27  2:49  SCV  
  27  2:50  Factory Tech Lab  
  28  3:01  SCV  
  29  3:09  Siege Tank  
  32  3:13  SCV  
  32  3:19  Marine x2  
  34  3:25  SCV  
  32  3:27  Medivac  
  32  3:30  Orbital Command  
  34  3:36  Marine  
  34  3:37  Marine  
  34  3:38  SCV  
  34  3:41  Barracks  
  37  3:50  SCV  
  37  3:54  Marine x2, Barracks  
  40  3:56  Factory Tech Lab  
  40  3:57  SCV  
  40  4:02  SCV  
  42  4:09  Raven  
  44  4:10  SCV  
  44  4:12  Marine x2  
  44  4:14  SCV  
  44  4:15  Supply Depot  
  48  4:22  Bunker  
  48  4:23  SCV  
  49  4:26  SCV  
  49  4:30  Marine x2  
  52  4:35  Refinery, SCV  
  52  4:37  Marine  
  52  4:38  Stimpack, Engineering Bay  
  54  4:40  SCV  
  55  4:47  SCV  
  55  4:49  Supply Depot  
  55  4:50  Marine x2  
  55  4:52  SCV  
  59  4:59  SCV  
  60  5:00  Starport Reactor  
  60  5:03  Marauder  
  62  5:10  Marine x2, SCV  
  62  5:11  Marauder, SCV  
  62  5:12  Supply Depot  
  62  5:13  Terran Infantry Weapons Level 1  
  68  5:17  Factory Reactor  
  68  5:22  Refinery  
  68  5:26  SCV  
  68  5:28  Marine  
  69  5:34  Marauder x2, Marine, SCV  
  76  5:36  Supply Depot  
  76  5:37  Supply Depot  
  76  5:38  Combat Shield  
  76  5:40  SCV  
  77  5:46  SCV  
  77  5:47  Marine  
  78  5:57  Marine  
  78  5:58  Marauder x2  
  78  5:59  Supply Depot, Medivac  
  78  6:01  Supply Depot, Medivac  
  87  6:04  Widow Mine  
  87  6:05  Marine, Widow Mine  
  92  6:15  Marine  
  93  6:21  Marauder x2  
  93  6:22  Marine  
  98  6:29  SCV x2  
  98  6:32  Concussive Shells  
  98  6:33  Marine  
  98  6:34  Widow Mine x2  
  98  6:36  Supply Depot  
  103  6:40  Marine, Medivac  
  103  6:42  Marauder x2  
  110  6:54  Command Center  
  110  6:58  Widow Mine x2  
  110  6:59  Supply Depot  
  109  7:11  Marine x2  
  109  7:12  Marauder x2  
  109  7:15  SCV  
  104  7:26  Barracks  
  104  7:27  Barracks  
  104  7:28  SCV  
Show
View Real Time Build Order
Export as new Build Order

nanO Protoss 

Build Orders: 1 Gate Expand, Blink Stalkers 

Get SALT Encoding   

  12  0:00  Probe  
  13  0:12  Probe  
  14  0:19  Pylon  
  14  0:24  Probe  
  15  0:33  Probe  
  15  0:38  Gateway  
  15  0:41  Probe  
  16  0:47  Assimilator  
  17  0:52  Probe  
  18  1:04  Probe  
  19  1:16  Probe  
  20  1:22  Nexus  
  20  1:32  Cybernetics Core  
  20  1:34  Probe  
  21  1:40  Assimilator  
  21  1:46  Probe  
  22  1:51  Pylon  
  22  1:59  Stalker, Probe  
  23  2:09  Warp Gate  
  23  2:11  Probe  
  26  2:22  Stalker  
  26  2:23  Probe  
  29  2:35  Probe  
  29  2:36  Twilight Council  
  30  2:38  Probe  
  30  2:47  Probe  
  30  2:50  Stalker, Probe  
  34  2:59  Probe  
  34  3:02  Blink, Probe  
  34  3:04  Pylon  
  36  3:11  Probe  
  37  3:17  Probe  
  37  3:23  Probe  
  37  3:29  Probe  
  37  3:30  Robotics Facility  
  38  3:34  Probe  
  38  3:38  Probe  
  38  3:41  Gateway  
  40  3:42  Probe  
  40  3:46  Probe  
  41  3:50  Probe  
  41  3:55  Probe  
  43  3:58  Stalker  
  43  4:02  Probe  
  47  4:08  Probe  
  47  4:09  Nexus  
  48  4:15  Probe  
  49  4:17  Pylon  
  49  4:20  Observer  
  49  4:22  Stalker  
  49  4:23  Probe  
  53  4:28  Shield Battery, Probe  
  54  4:36  Probe  
  54  4:37  Stalker  
  57  4:41  Probe  
  57  4:42  Forge, Observer  
  59  4:49  Gateway  
  59  4:51  Gateway, Probe  
  60  4:54  Pylon  
  60  4:57  Probe  
  60  5:02  Charge  
  60  5:03  Probe  
  60  5:04  Protoss Ground Armor Level 1  
  61  5:09  Probe  
  61  5:10  Pylon  
  62  5:15  Probe  
  63  5:21  Probe  
  63  5:23  Probe  
  63  5:25  Sentry  
  63  5:27  Probe  
  68  5:33  Probe  
  68  5:35  Gateway, Observer  
  69  5:36  Stalker  
  69  5:37  Pylon  
  69  5:38  Gateway, Probe  
  69  5:40  Probe  
  73  5:44  Pylon  
  73  5:50  Stalker x2, Observer  
  73  5:51  Probe  
  73  5:53  Pylon  
  78  5:58  Observer  
  78  6:00  Stalker  
  78  6:01  Zealot, Pylon  
  82  6:07  Gateway  
  82  6:09  Gateway x2  
  82  6:10  Probe  
  83  6:21  Stalker x2  
  83  6:22  Stalker  
  83  6:23  Probe  
  89  6:27  Warp Prism  
  89  6:32  Pylon  
  89  6:33  Zealot x3  
  89  6:34  Pylon  
  89  6:37  Pylon  
  97  6:40  Probe  
  97  6:43  Pylon  
  97  6:50  Zealot x3  
  101  6:56  Zealot x2  
  103  7:03  Zealot x2  
  102  7:13  Zealot  
  102  7:14  Zealot x2  
  88  7:19  Probe  
  88  7:22  Zealot x3  
  67  7:30  Zealot x2  
  67  7:31  Zealot  
  67  7:36  Stalker  
Tags
 
Add a new tag
Caveats
  • Supply blocks, unpowered buildings, or Contaminate may cause inaccurate times.
  • Supply counts are checked every 10 seconds.